 Dungeon Crawl Stone Soup version 0.16.1-18-g436b03c (webtiles) character file.

905 Chiseanne the Nimble (level 7, -2/35 HPs)
             Began as a Spriggan Transmuter on May 16, 2015.
             Was an Initiate of Gozag.
             Slain by an ice beast (14 damage)
             ... on level 6 of the Dungeon.
             The game lasted 00:29:38 (9659 turns).

Chiseanne the Nimble (Spriggan Transmuter)          Turns: 9659, Time: 00:29:38

Health: -2/35      AC:  8    Str:  6    XL:     7   Next: 80%
Magic:  24/24      EV: 24    Int: 19    God:    Gozag
Gold:   265        SH:  0    Dex: 17    Spells: 4 memorised, 7 levels left

rFire  . . .     SeeInvis +     a - +3 mace (protect)
rCold  . . .     Clarity  .     c - +1 robe
rNeg   . . .     SustAb   .     (shield restricted)
rPois  .         Gourm    .     (helmet restricted)
rElec  .         Spirit   .     (no cloak)
rCorr  .         Warding  .     (gloves unavailable)
rMut   .         Stasis   .     (boots unavailable)
MR     +....                    (no amulet)
Stlth  ++........               (no ring)
                                n - +3 ring of intelligence

@: appendage (expiring), very quick, somewhat resistant to hostile enchantments,
unstealthy
A: unfitting armour, horns 2, see invisible, herbivore 3, speed 3, slow
metabolism 2
a: End Transformation, Potion Petition, Call Merchant, Bribe Branch, Renounce
Religion


You were on level 6 of the Dungeon.
You worshipped Gozag.
Gozag was noncommittal.
You were not hungry.
You had grown temporary horns.
You visited 2 branches of the dungeon, and saw 7 of its levels.

You collected 392 gold pieces.
You paid 127 gold pieces to Gozag.

Inventory:

Hand weapons
 a - a +3 mace of protection (weapon)
 e - a +1 hunting sling of flaming
 s - a +1 flail of protection
 D - a +1 falchion of slicing
Missiles
 b - 12 arrows
 g - 59 poisoned needles
 j - 8 needles of confusion
 q - a throwing net (quivered)
 t - 10 bolts
 z - 29 sling bullets
 E - 12 bolts of flame
Armour
 c - a +1 robe (worn)
Jewellery
 n - a +3 ring of intelligence (left hand)
Magical devices
 f - a wand of paralysis (10)
 C - a wand of disintegration (3)
Scrolls
 l - 2 scrolls of fog
 w - a scroll of teleportation
 y - 4 scrolls of remove curse
 F - a scroll of identify
Potions
 h - a potion of cancellation {unknown}
 k - 2 potions of heal wounds
 m - a potion of lignification {unknown}
 o - 2 potions of berserk rage {unknown}
 p - 3 potions of curing
 r - a potion of resistance
 u - 3 potions of magic
 v - a potion of brilliance
 x - 2 potions of haste {unknown}
 A - a potion of restore abilities {unknown}
 B - 3 potions of invisibility
Books
 d - a book of Changes

   Spells                             Type                      Level
   a - Beastly Appendage              Transmutation                1
   b - Sticks to Snakes               Transmutation                2
   c - Spider Form                    Transmutation/Poison         3
   d - Ice Form                       Ice/Transmutation            4
   e - Blade Hands                    Transmutation                5
Comestibles
 i - 2 bread rations


   Skills:
 * Level 2.3 Fighting
 * Level 8.5 Dodging
 - Level 2.8 Unarmed Combat
 * Level 6.1 Spellcasting
 * Level 5.7 Transmutations


You had 7 spell levels left.
You knew the following spells:

 Your Spells              Type           Power        Failure   Level  Hunger
a - Beastly Appendage     Trmt           ####..       1%          1    None
b - Sticks to Snakes      Trmt           ####......   1%          2    None
c - Spider Form           Trmt/Pois      ###.......   12%         3    ##.....
d - Blade Hands           Trmt           ####......   34%         5    #####..


Dungeon Overview and Level Annotations

Branches:
Dungeon (6/15)             Temple (1/1) D:6

Altars:
Ashenzari
Cheibriados
Dithmenos
Elyvilon
Fedhas
Gozag
Kikubaaqudgha
Makhleb
Nemelex Xobeh
Okawaru
Qazlal
Ru
Sif Muna
Trog
Vehumet
Xom
Yredelemnul
Zin
The Shining One

Annotations:
D:3 Chiseanne's ghost, average SpWn
D:4 CcS's ghost, average TrBe; Edmund; Menkaure; Sigmund


Innate Abilities, Weirdness & Mutations

You are tiny and cannot use many weapons and most armour.
You have supernaturally acute eyesight.
You are a herbivore.
You cover ground extremely quickly.
You need consume almost no food.
You have a pair of horns on your head.


Message History

Your transformation is almost over.
The ice beast misses you. The ice beast barely misses you.
You closely miss the ice beast.
The ice beast is severely wounded.
The ice beast closely misses you.
You closely miss the ice beast.
The ice beast is severely wounded.
The ice beast closely misses you. The ice beast hits you.
The ice beast freezes you!
You barely miss the ice beast.
The ice beast is severely wounded.
The ice beast barely misses you.
You closely miss the ice beast.
The ice beast is severely wounded.
The ice beast misses you.
You closely miss the ice beast.
The ice beast is severely wounded.
The ice beast hits you. The ice beast freezes you!
You die...
Your body crumbles into a pile of gold.

.....#...........#.###...........
##>........).....................
#####...........#...............
#...........####....######..
#...........# #....# #####.
###.##.###### #....# #...#.
#....# ######....###...##
#########.).......[......#
#..<#@#######.###....#
##.###Y#######.# #....#
#............#.# #....#
#............#.# #....# .
#............#.# #..... #..
#............#.######## #...
##.###.#######.[.......
#...######.# #.# ###########
#..........###.# #..........


You could see an ice beast.

Vanquished Creatures
  A centaur (D:6)
  2 sky beasts (D:6)
  An ogre (D:5)
  A giant frog (D:6)
  A crimson imp (D:5)
  A centaur zombie (D:6)
  A hound (D:6)
  A giant frog skeleton (D:5)
  A jelly (D:5)
  A centaur skeleton (D:6)
  2 adders (D:6)
  A giant mite (D:2)
  A worm (D:3)
  An adder skeleton (D:6)
  An adder zombie (D:5)
  An ooze (D:1)
  8 orcs
  8 giant cockroaches
  14 goblins
  10 hobgoblins
  13 jackals
  6 kobolds
  2 quokkas
  A ball python (D:2)
  14 bats
  5 giant geckos
  7 giant newts
  A quokka skeleton (D:5)
  12 rats
119 creatures vanquished.

Vanquished Creatures (collateral kills)
  An orc warrior (D:6)
  A crimson imp (D:6)
  2 worker ants
  4 gnolls (D:2)
  10 adders
  A river rat (D:5)
  2 giant mites (D:5)
  2 worms
  2 adder skeletons
  A giant cockroach (D:3)
  A kobold (D:3)
  A bat (D:6)
  A jackal zombie (D:5)
  3 rats (D:5)
32 creatures vanquished.

Grand Total: 151 creatures vanquished

Notes
Turn   | Place    | Note
--------------------------------------------------------------
     0 | D:1      | Chiseanne, the Spriggan Transmuter, began the quest for the Orb.
     0 | D:1      | Reached XP level 1. HP: 9/9 MP: 4/4
   457 | D:1      | Reached XP level 2. HP: 10/14 MP: 6/8
  2112 | D:2      | Learned a level 2 spell: Sticks to Snakes
  2128 | D:2      | Reached XP level 3. HP: 17/17 MP: 1/11
  2553 | D:2      | Reached skill level 1 in Fighting
  2566 | D:2      | Reached skill level 4 in Dodging
  2694 | D:2      | Reached XP level 4. HP: 14/22 MP: 7/14
  2913 | D:2      | Found a shimmering altar of Xom.
  3689 | D:3      | Noticed Chiseanne's ghost (average SpWn)
  3929 | D:3      | Learned a level 3 spell: Spider Form
  5440 | D:4      | Reached XP level 5. HP: 25/25 MP: 6/18
  5488 | D:4      | Noticed Menkaure
  6178 | D:4      | Noticed Edmund
  6260 | D:4      | Noticed CcS's ghost (average TrBe)
  6544 | D:4      | Noticed Sigmund
  6576 | D:5      | Entered Level 5 of the Dungeon
  7047 | D:5      | Reached skill level 5 in Dodging
  7088 | D:5      | Found a shattered altar of Ashenzari.
  7309 | D:5      | Found a glowing drain.
  7332 | D:5      | Reached XP level 6. HP: 30/30 MP: 12/20
  7856 | D:6      | Reached skill level 5 in Spellcasting
  7916 | D:6      | Reached skill level 6 in Dodging
  7924 | D:6      | Found a staircase to the Ecumenical Temple.
  7934 | Temple   | Entered the Ecumenical Temple
  7994 | Temple   | Became a worshipper of Gozag Ym Sagoz the Greedy
  8113 | D:6      | Learned a level 5 spell: Blade Hands
  8308 | D:5      | Reached skill level 5 in Transmutations
  8655 | D:6      | Reached XP level 7. HP: 34/34 MP: 21/23
  8921 | D:6      | Reached skill level 7 in Dodging
  9301 | D:6      | Reached skill level 8 in Dodging
  9659 | D:6      | Slain by an ice beast

Action                   |  1- 3 |  4- 6 |  7- 9 || total
-------------------------+-------+-------+-------++-------
Melee: Unarmed           |   123 |   158 |       ||   281
       Mace              |       |   302 |    98 ||   400
Throw: Throwing net      |       |     1 |       ||     1
 Cast: Beastly Appendage |    26 |    52 |     9 ||    87
       Sticks to Snakes  |    13 |    56 |     4 ||    73
Evoke: Wand              |       |     4 |     2 ||     6
  Use: Scroll            |     5 |    13 |       ||    18
       Potion            |       |     1 |       ||     1
 Stab: Distracted        |       |     1 |     1 ||     2
       Sleeping          |       |     1 |       ||     1
  Eat: Fruit             |       |     3 |       ||     3
       Pizza             |       |     2 |       ||     2
       Bread ration      |       |     1 |       ||     1
